 Dungeon Crawl Stone Soup version 0.20.1-1-g8b1a95d (webtiles) character file.

83 Dawnplanks the Skirmisher (level 4, -4/36 HPs)
             Began as a Demonspawn Abyssal Knight on Nov 25, 2017.
             Was a Believer of Lugonu.
             Slain by a kobold
             ... wielding a +0 whip
              (5 damage)
             ... on level 3 of the Dungeon.
             The game lasted 00:12:05 (2136 turns).

Dawnplanks the Skirmisher (DsAK)                    Turns: 2136, Time: 00:12:08

Health: -4/36      AC:  3    Str: 13    XL:     4   Next: 22%
Magic:  5/5        EV: 11    Int: 13    God:    Lugonu [**....]
Gold:   124        SH:  0    Dex: 13    Spells: 3/3 levels left

rFire    . . .     SeeInvis .   q - +2 hand axe (venom)
rCold    . . .     Gourm    .   (no shield)
rNeg     . . .     Faith    .   r - +0 leather armour (curse)
rPois    .         Spirit   .   (no helmet)
rElec    .         Reflect  .   (no cloak)
rCorr    .         Harm     .   (no gloves)
MR       .....                  (no boots)
Stlth    +++.......             (no amulet)
Regen    0.2/turn               (no ring)
MPRegen  0.1/turn               (no ring)

@: no status effects
A: nightstalker 2
a: Depart the Abyss, Bend Space, Renounce Religion


You were on level 3 of the Dungeon.
You worshipped Lugonu.
Lugonu was pleased with you.
You were not hungry.

You visited 1 branch of the dungeon, and saw 3 of its levels.
You visited the Abyss 1 time.

You collected 124 gold pieces.

Inventory:

Hand Weapons
 a - a +1 mace
 q - a +2 hand axe of venom (weapon)
 t - a +2 hand axe of venom
Missiles
 h - 40 stones
 j - 12 javelins (quivered)
Armour
 b - a +0 leather armour
 l - a +0 ring mail
 o - a +0 robe
 r - a cursed +0 leather armour (worn)
 v - a +0 leather armour
Scrolls
 e - a scroll of random uselessness {unknown}
 f - a scroll of enchant armour {unknown}
 g - 3 scrolls of identify {unknown}
 i - 2 scrolls of immolation {unknown}
 m - a scroll of teleportation {unknown}
 p - a scroll of magic mapping {unknown}
 s - 2 scrolls of remove curse {unknown}
Potions
 k - a potion of curing {unknown}
 u - 2 potions of brilliance {unknown}
Comestibles
 c - a bread ration
 d - a fruit
 n - a meat ration


   Skills:
 + Level 3.6 Fighting
 + Level 0.1(1.5) Axes
 + Level 2.5(2.6) Maces & Flails
 + Level 2.5 Armour
 + Level 1.1 Dodging
 + Level 1.1 Stealth
 + Level 2.5 Invocations


You had 3 spell levels left.
You didn't know any spells.

Dungeon Overview and Level Annotations

Branches:
Dungeon (3/15)

Altars:
Qazlal


Innate Abilities, Weirdness & Mutations

You are significantly more attuned to the shadows.


Message History

You completely miss the adder. You hit the orc.
The orc is poisoned.
The orc hits you with a vampiric trident!
* * * LOW HITPOINT WARNING * * *
The orc draws strength from your wounds!
The adder bites you.
* * * LOW HITPOINT WARNING * * *
You closely miss the adder. You hit the orc but do no damage.
The orc looks as sick as possible!
The adder barely misses you. The orc barely misses you.
You barely miss the adder. You barely miss the orc.
You kill the orc!
Lugonu accepts your kill. The adder closely misses you. The adder misses you.
You barely miss the adder. You hit the kobold.
The kobold is poisoned.
The kobold hits you with a whip.
* * * LOW HITPOINT WARNING * * *
The adder bites you.
* * * LOW HITPOINT WARNING * * *
The kobold hits you with a whip.
You die...

#............
##...<............K..o
.....................
#... .............o.
#..###..# .....##...
#...K..######o....##
#..@###.o..ยง)oK($...
###S# #.#########...
>.S..bo...# #.........
.......######.####..#.
#.............####.###
##......###............
#........######.#.....##
#.#########.......###...
##...##......###..## ##.


You could see an adder, an orc, a bat and a kobold.

Vanquished Creatures
  Jessica (D:2)
  A dart slug (D:1)
  A leopard gecko (D:1)
  4 orcs (D:3)
  4 giant cockroaches
  5 goblins
  3 hobgoblins
  5 jackals
  A quokka (D:2)
  9 bats
  A frilled lizard (D:2)
  6 kobolds
  7 rats
48 creatures vanquished.

Notes
Turn   | Place    | Note
-------+----------+-------------------------------------------
     0 | Abyss:1  | Dawnplanks the Demonspawn Abyssal Knight began the quest for the Orb.
     0 | Abyss:1  | Reached XP level 1. HP: 18/18 MP: 2/2
    23 | D:1      | Escaped the Abyss
   271 | D:1      | Gained mutation: You are slightly more attuned to the shadows. [demonic ancestry]
   271 | D:1      | Reached XP level 2. HP: 24/24 MP: 3/3
   682 | D:1      | Reached ** piety under Lugonu
  1241 | D:1      | Reached skill level 1 in Dodging
  1338 | D:2      | Reached XP level 3. HP: 29/29 MP: 4/4
  1554 | D:2      | Found a stormy altar of Qazlal.
  1565 | D:2      | Noticed Jessica
  1573 | D:2      | Killed Jessica
  1573 | D:2      | Reached skill level 1 in Stealth
  1718 | D:2      | Gained mutation: You are significantly more attuned to the shadows. [demonic ancestry]
  1718 | D:2      | Reached XP level 4. HP: 35/36 MP: 5/5
  2136 | D:3      | HP: 1/36 [adder (2)]
  2136 | D:3      | Slain by a kobold

Skill      XL: |  1  2  3 |
---------------+----------+-----
Armour         | 2 |  2.5
Maces & Flails | 2 |  2.5
Dodging        | 1 |  1.1
Stealth        | 1 |  1.1
Fighting       | |  3.6
Axes           | |  0.1
Invocations    | |  2.5

Action                   |  1- 3 |  4- 6 || total
-------------------------+-------+-------++-------
Melee: Mace              |    81 |       ||    81
       Hand axe          |    14 |    30 ||    44
Throw: Stone             |     1 |       ||     1
Invok: Bend Space        |       |     1 ||     1
 Stab: Sleeping          |     2 |     1 ||     3
  Eat: Fruit             |     3 |       ||     3
       Chunk             |       |     1 ||     1
Armor: Leather armour    |    38 |     9 ||    47
       Ring mail         |     6 |       ||     6
Dodge: Dodged            |    82 |    24 ||   106
